 Dungeon Crawl Stone Soup version 0.29.1-1-gd02db6906a (webtiles) character file.

Game seed: 18149278176540112878

40 swilekon the Chopper (level 3, -2/33 HPs)
             Began as a Hill Orc Monk on Sept 15, 2022.
             Slain by a gnoll
             ... wielding a +0 flail
              (9 damage)
             ... on level 2 of the Dungeon.
             The game lasted 00:01:14 (1309 turns).

swilekon the Chopper (Hill Orc Monk)                Turns: 1309, Time: 00:01:15

Health: -2/33      AC:  3    Str: 15    XL:     3   Next: 50%
Magic:  3/3        EV: 12    Int: 10    God:
Gold:   104        SH:  0    Dex: 13    Spells: 2/2 levels left

rFire   . . .      SeeInvis .   a - +0 hand axe
rCold   . . .      Faith    .   (no shield)
rNeg    . . .      Spirit   .   b - +0 robe
rPois   .          Reflect  .   (no helmet)
rElec   .          Harm     .   (no cloak)
rCorr   .          Rampage  .   k - +0 pair of gloves
Will    .....                   (no boots)
Stlth   ++........              (no amulet)
HPRegen 0.11/turn               (no ring)
MPRegen 0.08/turn               (no ring)

@: no status effects
A: no striking features
a: no special abilities


You were on level 2 of the Dungeon.
You visited 1 branch of the dungeon, and saw 2 of its levels.

You collected 104 gold pieces.

Inventory:

Hand Weapons
 a - a +0 hand axe (weapon)
Armour
 b - a +0 robe (worn)
 k - a +0 pair of gloves (worn)
Scrolls
 d - 2 scrolls of teleportation {unknown}
 f - a scroll of noise {unknown}
 h - a scroll of fear {unknown}
 j - a scroll of enchant armour {unknown}
 l - a scroll of identify {unknown}
 n - a scroll of magic mapping {unknown}
Potions
 c - 4 potions of ambrosia
 e - a potion of lignification {unknown}
 g - a potion of magic {unknown}
 i - a potion of might {unknown}
 m - a potion of curing {unknown}


   Skills:
 + Level 4.0 Fighting
 * Level 4.8 Axes
 * Level 2.0 Armour
 - Level 2.4 Dodging
 - Level 1.5 Stealth


You had 2 spell levels left.
You didn't know any spells.
Your spell library contained the following spells:

 Spells                   Type           Power      Damage    Failure   Level
 Shock                    Conj/Air       0%         1d3       36%         1
 Scorch                   Fire           0%         2d5       50%         2
 Swiftness                Air            0%         N/A       75%         3
 Airstrike                Air            0%         2d(0-16)  98%         4
 Flame Wave               Conj/Fire      0%         2d4       98%         4
 Summon Cactus Giant      Summ           0%         N/A       100%        6


Dungeon Overview and Level Annotations

Branches:
Dungeon (2/15)

Altars:


Message History

No target in view!
No target in view!
You see here a +0 club.
A gnoll comes into view. It is wielding a +0 club.
A gnoll is nearby!
A gnoll is nearby!
A gnoll is nearby!
A gnoll comes into view. It is wielding a +0 flail.
The gnoll shouts!
You hear a shout!
A gnoll comes into view. It is wielding a +0 whip.
A gnoll comes into view. It is wielding a +0 club.
An endoplasm comes into view.
The endoplasm quivers.
The gnoll shouts! x3
You slash the gnoll!
The gnoll is severely wounded.
The gnoll completely misses you.
You hit the gnoll.
You kill the gnoll!
Your Armour skill increases to level 2!
A bat comes into view.
The endoplasm freezes you.
You are frozen.
The gnoll misses you.
Things that are here:
a +0 club; a gnoll corpse You hit the gnoll.
The gnoll is moderately wounded.
You hit the endoplasm. The endoplasm hits you.
The gnoll hits you with a +0 flail!
You barely miss the gnoll.
The gnoll is moderately wounded.
You hit the gnoll. You hit the endoplasm. The endoplasm freezes you.
You are frozen.
An orc comes into view. It is wielding a +0 hand axe.
The gnoll barely misses you. The gnoll hits you with a +0 club.
The gnoll attacks as you move away! The gnoll hits you with a +0 club.
* * * LOW HITPOINT WARNING * * *
The gnoll attacks as you move away! The gnoll hits you with a +0 flail!
You die...

..# #. # ### #. . .
####### o...... .......
......g#########
.....bJ@.......# ####
......g#######.# ##...
......g #.#####...#
....... ######....)..#..
................####...#
#############...# ##.##
#.....# #.# #.###.# #..
#. #.. ....


You could see 3 gnolls, an orc (wandering), an endoplasm and a bat.

Vanquished Creatures
  A gnoll (D:2)
  2 worms (D:2)
  A dart slug (D:2)
  3 ball pythons (D:2)
  A giant cockroach (D:1)
  3 goblins
  2 hobgoblins
  2 jackals (D:1)
  2 kobolds
  2 bats (D:1)
  A frilled lizard (D:2)
  3 rats
23 creatures vanquished.

Notes
Turn   | Place    | Note
-------+----------+-------------------------------------------
     0 | D:1      | swilekon the Hill Orc Monk began the quest for the Orb.
     0 | D:1      | Reached XP level 1. HP: 19/19 MP: 1/1
   345 | D:1      | Reached XP level 2. HP: 25/27 MP: 2/2
   351 | D:1      | Reached skill level 1 in Armour
   954 | D:2      | Reached XP level 3. HP: 13/33 MP: 3/3
  1309 | D:2      | Slain by a gnoll

Illustrated notes

Levels and vault maps discovered:
D:1:      dpeg_arrival_round_b, layout_basic
D:2:      layout_loops_ring, cheibrodos_gnoll_hut

Skill      XL: |  1  2  3 |
---------------+----------+-----
Armour         | 1 2 |  2.0
Fighting       | 4 |  4.0
Axes           | |  4.8
Dodging        | |  2.4
Stealth        | |  1.5

Action                   || total
-------------------------++-------
Melee: Hand axe          ||    78
       Punch             ||     1
 Stab: Sleeping          ||     1
Armor: Robe              ||    10
Dodge: Dodged            ||    41
